 Dungeon Crawl Stone Soup version 0.31.0-1-g2c135a0 (webtiles) character file.

Game seed: 10191803397348515021

126238 Arto the Brawler (level 16, -2/165 HPs)
             Began as a Troll Fighter on Apr 10, 2024.
             Was a High Priest of the Shining One.
             Slain by a frost giant
             ... wielding a +0 battleaxe of freezing
              (15 damage)
             ... on level 1 of the Depths.
             The game lasted 02:52:12 (25172 turns).

Arto the Brawler (Troll Fighter)                   Turns: 25172, Time: 02:52:13

Health: -2/165     AC: 12    Str: 34    XL:     16   Next: 43%
Magic:  23/23      EV: 11    Int:  4    God:    the Shining One [*****.]
Gold:   2889       SH: 20    Dex:  9    Spells: 15/15 levels left

rFire   . .          .
                       - Unarmed
rCold   . . .        b - +3 kite shield
rNeg    + + .        G - +0 steam dragon scales
rPois   .            (helmet restricted)
rElec   .            e - +0 cloak
rCorr   .            (gloves unavailable)
SInv    .            (boots unavailable)
Will    ++...        L - amulet of reflection Stlth
                     F - ring of willpower
HPRegen 1.27/turn    s - +4 ring of protection
MPRegen 0.18/turn

%: reflection
@: mighty, silenced, glowing
A: large, unfitting armour, claws 3, regeneration 1, shaggy fur 1, tough skin 1
a: Renounce Religion


You were on level 1 of the Depths.
You worshipped the Shining One.
The Shining One was extremely pleased with you.
You visited 7 branches of the dungeon, and saw 26 of its levels.
You also visited: Sewer and Bailey.

You collected 3279 gold pieces.
You spent 390 gold pieces at shops.

Inventory:

Armour
 b - a +3 kite shield (worn)
 e - a +0 cloak (worn)
 G - +0 steam dragon scales (worn)
Jewellery
 g - an amulet of magic regeneration
 m - a ring of flight
 s - a +4 ring of protection (right claw)
 t - an amulet of regeneration
 z - a ring of protection from cold
 F - a ring of willpower (left claw)
 L - an amulet of reflection (around neck)
 N - a ring of protection from fire
 P - an amulet of faith
Wands
 o - a wand of digging (4)
 q - a wand of flame (59) (quivered)
 x - a wand of polymorph (18)
 I - a wand of paralysis (9)
 J - a wand of roots (17)
 O - a wand of quicksilver (4)
Scrolls
 d - 4 scrolls of teleportation
 f - 5 scrolls of enchant weapon
 i - a scroll of butterflies
 j - a scroll of silence
 n - a scroll of vulnerability
 u - a scroll of immolation {unknown}
 v - 3 scrolls of fear
 w - 3 scrolls of fog
 y - 5 scrolls of poison
 C - 3 scrolls of revelation
 E - a scroll of brand weapon {unknown}
Potions
 a - 2 potions of curing
 c - a potion of degeneration {unknown}
 h - 7 potions of haste
 k - a potion of attraction {unknown}
 l - 5 potions of lignification
 p - 2 potions of ambrosia
 r - a potion of heal wounds {unknown}
 A - 2 potions of cancellation
 B - 2 potions of magic
 D - 2 potions of mutation {unknown}
 H - a potion of berserk rage {unknown}
 K - 3 potions of enlightenment
 M - a potion of might


   Skills:
 * Level 12.2 Fighting
 + Level 8.3 Dodging
 + Level 15.3 Shields
 + Level 17.3 Unarmed Combat
 * Level 11.7 Invocations
 + Level 0.5 Evocations


You had 15 spell levels left.
You didn't know any spells.
Your spell library contained the following spells:

 Spells                   Type           Power      Damage    Failure   Level
 Apportation              Tloc           0%         N/A       58%         1
 Magic Dart               Conj           0%         1d3       58%         1
 Necrotise                Necr           0%         1d4       58%         1
 Sandblast                Erth           0%         2d4       58%         1
 Slow                     Hex            0%         N/A       58%         1
 Sting                    Conj/Alch      0%         1d3       58%         1
 Summon Small Mammal      Summ           0%         N/A       58%         1
 Blink                    Tloc           0%         N/A       75%         2
 Call Imp                 Summ           0%         N/A       75%         2
 Ensorcelled Hibernation  Hex/Ice        0%         N/A       75%         2
 Lesser Beckoning         Tloc           0%         N/A       75%         2
 Confusing Touch          Hex            0%         N/A       92%         3
 Dazzling Flash           Conj/Hex       0%         N/A       92%         3
 Fugue of the Fallen      Necr           0%         N/A       92%         3
 Gell's Gravitas          Tloc           0%         N/A       92%         3
 Inner Flame              Hex/Fire       0%         N/A       92%         3
 Mephitic Cloud           Conj/Alch/Air  0%         N/A       92%         3
 Passwall                 Erth           0%         N/A       92%         3
 Sigil of Binding         Hex            0%         N/A       92%         3
 Stone Arrow              Conj/Erth      0%         3d7       92%         3
 Swiftness                Air            0%         N/A       92%         3
 Teleport Other           Tloc           0%         N/A       92%         3
 Tukima's Dance           Hex            0%         N/A       92%         3
 Vampiric Draining        Necr           0%         2d6       92%         3
 Anguish                  Hex/Necr       0%         N/A       100%        4
 Animate Armour           Summ/Erth      0%         N/A       100%        4
 Brom's Barrelling Bould  Conj/Erth      0%         2d3       100%        4
 Dimensional Bullseye     Hex/Tloc       0%         N/A       100%        4
 Dispel Undead            Necr           0%         3d6       100%        4
 Flame Wave               Conj/Fire      0%         2d4       100%        4
 Iskenderun's Mystic Bla  Conj/Tloc      0%         2d3       100%        4
 Sticky Flame             Fire/Alch      0%         2d4       100%        4
 Vhi's Electric Charge    Tloc/Air       0%         N/A       100%        4
 Arcjolt                  Conj/Air       0%         1d10      100%        5
 Borgnjor's Vile Clutch   Necr/Erth      0%         N/A       100%        5
 Curse of Agony           Necr           0%         N/A       100%        5
 Silence                  Hex/Air        0%         N/A       100%        5
 Plasma Beam              Fire/Air       0%         2x1d10    100%        6
 Lehudib's Crystal Spear  Conj/Erth      0%         10d2      100%        8
 Polar Vortex             Ice            0%         N/A       100%        9


Dungeon Overview and Level Annotations

Branches:
Dungeon (15/15)            Temple (0/1) D:6            Lair (5/5) D:11
  Swamp (1/4) Lair:3        Snake (1/4) Lair:3        Slime (1/5) Lair:4
    Orc (2/2) D:9             Elf (0/3) Orc:2        Vaults (0/5) D:13
 Depths (1/4) D:15          Sewer (visited)          Bailey (visited)

Altars:
Ashenzari
Fedhas
Gozag
Okawaru
Ru
Sif Muna
Uskayaw
Vehumet
Xom
Yredelemnul
Zin
The Shining One
Jiyva
Lugonu

Shops:
Orc:2 *=([

Portals:
Abyss: Lair:5
Pandemonium: Depths:1

Annotations:
D:3 2 transporters, exclusions: downstairs and 1 more exclusion, selexin's ghost, amateur MiGl
D:8 exclusion: downstairs
D:9 Orcish mines
D:11 1 runed translucent door
D:12 3 runed translucent doors, 1 exclusion, login18's ghost, journeyman HuBe
D:15 1 transporter
Snake:1 Rupert
Orc:1 3 runed translucent doors, 1 exclusion, Punchie's ghost, journeyman HOFi
Orc:2 exclusion: oklob plant


Innate Abilities, Weirdness & Mutations

You are too large for most types of armour.
You have claws for hands.
Your natural rate of healing is unusually fast.
You are covered in fur. (AC +1)
You have tough skin. (AC +1)


Message History

Orders for allies: a - Attack new target. r - Retreat! s - Stop attacking. g - Guard the area. f - Follow me.
Anything else - Cancel.
Okay, then.
Magic scrolls do not work when you're silenced!
Aiming: Paralyse
Press: ? - help, Shift-Dir - straight line, f - frost giant
Aim: a frost giant, wielding a +0 battleaxe of freezing (silenced, haloed, chance to affect: 8%)
The frost giant resists with almost no effort.
The frost giant hits you with a +0 battleaxe of freezing!
The frost giant freezes you.
Aiming: Paralyse
Press: ? - help, Shift-Dir - straight line, f/p - frost giant
Aim: a frost giant, wielding a +0 battleaxe of freezing (silenced, haloed, chance to affect: 8%)
The frost giant resists with almost no effort.
You block the frost giant's attack.
Unknown command.
You claw the frost giant!
The frost giant is lightly wounded.
Okay, then.
The frost giant attacks as it pursues you!
You block the frost giant's attack.
Okay, then.
Things that are here:
a +0 dire flail; a +0 dire flail You feel very mighty all of a sudden.
You block the frost giant's attack.
You claw the frost giant!
The frost giant is lightly wounded.
The frost giant hits you with a +0 battleaxe of freezing!!
* * * LOW HITPOINT WARNING * * *
The frost giant freezes you.
* * * LOW HITPOINT WARNING * * *
You mangle the frost giant!!
The frost giant is heavily wounded.
The frost giant hits you with a +0 battleaxe of freezing!!
* * * LOW HITPOINT WARNING * * *
The frost giant freezes you!
You die...

.....#.#......###[..#.#
..#####........#.#...#
....###....#...# #...#
....#.........## #.⌠.#
#...#....#.#..##.#...# #
.........##.#.##.#...#.#
.......#####[..##.....#
###...## ##...##.#.##
##.[...# ###.@C...#
......## ########
....### .....# .#...#
##..## ##### #


You could see a frost giant.

Vanquished Creatures
  Saint Roka (Orc:2)
  An ettin (Depths:1)
  Snorg (Orc:1)
  4 vault guards
  3 sphinx zombies (D:15)
  2 boulder beetles
  4 centaur warriors
  6 two-headed ogres
  A tengu warrior (D:14)
  A deep troll earth mage (Depths:1)
  13 death yaks
  A vampire mage (D:15)
  A skyshark (Lair:2)
  4 thrashing horrors (Lair:5)
  Sonja (Orc:1)
  2 iron trolls (Depths:1)
  10 skeletal warriors
  2 deep trolls (Depths:1)
  2 arcanists
  2 mana vipers (Snake:1)
  A bog body (Lair:3)
  2 orc knights (Orc:2)
  5 necromancers
  A shadow dragon zombie (Depths:1)
  23 ugly things
  4 deep elf pyromancers
  5 cyclopes
  A cyclops (shapeshifter) (Depths:1)
  7 manticores
  A salamander (Snake:1)
  17 elephants
  A fire giant skeleton (Depths:1)
  3 meliai (D:15)
  6 kobold blastminers (Orc:2)
  3 smoke demons (Lair:5)
  12 black mambas
  A gargoyle (D:11)
  A cane toad (shapeshifter) (D:13)
  A torpor snail (Lair:5)
  15 cane toads
  7 rime drakes
  12 komodo dragons
  Maggie (D:8)
  A freezing wraith (D:15)
  A tengu conjurer (D:13)
  16 blink frogs (Lair:5)
  2 polar bears
  4 trolls
  A tyrant leech (Lair:3)
  2 raiju (Lair:5)
  Prince Ribbit (Bailey)
  A wind drake (shapeshifter) (D:14)
  An ettin zombie (Depths:1)
  11 slime creatures (D:14)
  A spriggan (Lair:5)
  A ynoxinul (Lair:5)
  46 yaks
  4 wyverns
  A water elemental (D:15)
  25 humans
  4 wargs
  4 vampire mosquitoes (D:15)
  A human (shapeshifter) (Lair:5)
  A steam dragon (D:7)
  4 basilisks
  A chaos spawn (Lair:5)
  4 nagas
  7 acid dragons
  A swamp worm (Lair:3)
  14 water moccasins
  Pargi (Sewer)
  A sky beast (D:6)
  2 ice beasts
  29 orc warriors
  2 laughing skulls
  13 ogres
  6 black bears
  22 wolves
  9 centaurs
  A phantom (D:6)
  A weeping skull (D:3)
  A brain worm (Sewer)
  A kobold brigand (D:8)
  24 bullfrogs
  4 gnoll sergeants
  A scorpion (D:4)
  9 small abominations (Lair:5)
  A hornet simulacrum (D:15)
  4 wights (D:7)
  8 killer bees
  3 electric eels (D:5)
  10 howler monkeys
  2 bombardier beetles
  26 orc priests
  5 jellies
  Crazy Yiuf (D:5)
  A hound (D:4)
  3 iguanas
  2 gnoll boudas
  28 orc wizards
  3 hell rats (D:11)
  29 gnolls
  15 adders
  3 white imps
  4 ribbon worms
  90 orcs
  10 ball pythons
  5 bats
  10 endoplasms
  7 giant cockroaches
  11 goblins
  7 hobgoblins
  6 quokkas
  8 frilled lizards
  16 kobolds
  11 rats
  A spectral orc (D:3)
809 creatures vanquished.

Vanquished Creatures (collateral kills)
  A tentacled monstrosity (Depths:1)
  A deep troll shaman (Depths:1)
  5 ugly things (D:14)
  A tengu conjurer (D:14)
  A yak (D:14)
9 creatures vanquished.

Grand Total: 818 creatures vanquished

Notes
Turn   | Place    | Note
-------+----------+-------------------------------------------
     0 | D:1      | Arto the Troll Fighter began the quest for the Orb.
     0 | D:1      | Reached XP level 1. HP: 22/22 MP: 0/0
   270 | D:1      | Reached XP level 2. HP: 29/29 MP: 1/1
   314 | D:1      | Found a faded altar of an unknown god.
   927 | D:1      | Reached XP level 3. HP: 35/36 MP: 2/2
  1596 | D:3      | Found a glowing golden altar of the Shining One.
  1601 | D:3      | Became a worshipper of the Shining One
  1628 | D:3      | Reached XP level 4. HP: 45/45 MP: 3/3
  1726 | D:3      | Found a basalt altar of Yredelemnul.
  1726 | D:3      | Noticed a weeping skull
  1774 | D:3      | Killed a weeping skull
  1775 | D:3      | Reached skill level 3 in Unarmed Combat
  1775 | D:3      | Reached XP level 5. HP: 53/53 MP: 4/4
  1840 | D:2      | Reached skill level 1 in Invocations
  1937 | D:3      | Found a transporter.
  1937 | D:3      | Noticed selexin's ghost (amateur MiGl)
  1986 | D:3      | Found a transporter.
  1996 | D:3      | Noticed an ogre
  2069 | D:3      | Found a hide-covered altar of Uskayaw.
  2078 | D:3      | Found an iron altar of Okawaru.
  2079 | D:3      | Identified the +1 ring mail "Vaokk" {rN+ rCorr Dex+4
                  | Slay-2}
  2187 | D:3      | Found a shimmering blue altar of Sif Muna.
  2264 | D:4      | Noticed an ogre
  2275 | D:4      | Killed an ogre
  2276 | D:4      | Reached XP level 6. HP: 12/61 MP: 4/6
  2381 | D:4      | Reached skill level 4 in Unarmed Combat
  2747 | D:4      | Found a broken altar of Ashenzari.
  2874 | D:5      | Entered Level 5 of the Dungeon
  2981 | D:5      | Reached XP level 7. HP: 67/68 MP: 7/7
  3068 | D:5      | Found a transporter.
  3071 | D:5      | Reached * piety under the Shining One
  3081 | D:5      | Found a transporter.
  3171 | D:4      | Reached skill level 5 in Unarmed Combat
  3932 | D:5      | Reached XP level 8. HP: 70/78 MP: 9/9
  3944 | D:5      | Found a radiant altar of Vehumet.
  3979 | D:5      | Found a runed translucent door.
  3980 | D:5      | Noticed Crazy Yiuf
  3986 | D:5      | Killed Crazy Yiuf
  4297 | D:6      | Reached skill level 6 in Unarmed Combat
  4609 | D:6      | Found a glowing drain.
  4613 | Sewer    | Entered a sewer
  4730 | Sewer    | Noticed Pargi
  4751 | Sewer    | Killed Pargi
  4752 | Sewer    | Reached skill level 5 in Shields
  4807 | Sewer    | Reached XP level 9. HP: 96/96 MP: 10/10
  4814 | Sewer    | Reached skill level 9 in Unarmed Combat
  4814 | Sewer    | Reached XP level 10. HP: 104/104 MP: 10/14
  4948 | D:6      | Reached ** piety under the Shining One
  4974 | D:6      | Found a staircase to the Ecumenical Temple.
  5203 | D:6      | Found an opulent altar of Gozag.
  5302 | D:7      | Found a flagged portal.
  5323 | Bailey   | Entered a bailey
  5411 | Bailey   | Reached XP level 11. HP: 112/113 MP: 15/15
  5534 | Bailey   | Noticed Prince Ribbit
  5534 | Bailey   | Noticed a vault guard
  5552 | Bailey   | Killed Prince Ribbit
  5571 | Bailey   | Killed a vault guard
  5572 | Bailey   | Reached skill level 10 in Unarmed Combat
  5598 | Bailey   | Noticed a vault guard
  5607 | Bailey   | Killed a vault guard
  6414 | D:8      | Found a sacrificial altar of Ru.
  6662 | D:8      | Found a blossoming altar of Fedhas.
  7336 | D:9      | Noticed Maggie
  7350 | D:8      | Killed Maggie
  7430 | D:9      | Reached *** piety under the Shining One
  7507 | D:8      | Reached skill level 5 in Dodging
  7513 | D:8      | Reached skill level 11 in Unarmed Combat
  7802 | D:9      | Found a staircase to the Orcish Mines.
  7849 | D:9      | Got the Tractate on Frosty Last Rites
  8429 | Orc:1    | Entered Level 1 of the Orcish Mines
  8702 | Orc:1    | Noticed Snorg
  8707 | Orc:1    | Noticed Sonja
  8905 | D:10     | Entered Level 10 of the Dungeon
  8916 | D:10     | Reached XP level 12. HP: 120/123 MP: 16/16
  9005 | D:10     | Noticed a two-headed ogre
  9039 | D:10     | Killed a two-headed ogre
  9056 | D:10     | Found a shimmering altar of Xom.
  9491 | D:10     | Reached skill level 10 in Shields
  9993 | D:11     | Reached **** piety under the Shining One
 10237 | D:11     | Found a staircase to the Lair.
 10254 | Lair:1   | Entered Level 1 of the Lair of Beasts
 11360 | Lair:2   | Reached skill level 12 in Unarmed Combat
 11552 | Lair:2   | Identified 2 scrolls of acquirement
 11564 | Lair:2   | Acquired a manual of Shields
 11879 | Lair:2   | Reached XP level 13. HP: 133/133 MP: 18/18
 11959 | Lair:2   | Found the +8 whip "Snakebite" {venom, curare, rPois}
 12702 | Lair:3   | Found a staircase to the Snake Pit.
 12933 | Lair:3   | Reached skill level 10 in Fighting
 13014 | Lair:3   | Found a staircase to the Swamp.
 13660 | Lair:3   | Reached skill level 13 in Unarmed Combat
 14204 | Lair:4   | Found a staircase to the Slime Pits.
 14204 | Lair:4   | Found a viscous altar of Jiyva.
 14558 | Lair:4   | Acquired 1300 gold pieces
 14594 | Lair:5   | Entered Level 5 of the Lair of Beasts
 15000 | Lair:5   | Reached XP level 14. HP: 109/144 MP: 17/20
 15173 | Lair:5   | Reached skill level 14 in Unarmed Combat
 15784 | D:11     | Found a runed translucent door.
 15865 | D:11     | Reached skill level 10 in Invocations
 16462 | Orc:1    | Killed Snorg
 16487 | Orc:1    | Killed Sonja
 16518 | Orc:1    | Found a runed translucent gate.
 16518 | Orc:1    | Found a runed translucent gate.
 16518 | Orc:1    | Found a runed translucent gate.
 16521 | Orc:1    | Noticed Punchie's ghost (journeyman HOFi)
 16787 | Orc:2    | Entered Level 2 of the Orcish Mines
 16930 | Orc:2    | Found a staircase to the Elven Halls.
 17571 | Orc:2    | Noticed Saint Roka
 17623 | Orc:2    | Killed Saint Roka
 17710 | Orc:2    | Found Zumnid's Antique Weapon Emporium.
 17714 | Orc:2    | Found Cedi's Antique Armour Shoppe.
 17938 | Orc:2    | Found Zigugapnit's Assorted Antiques.
 17944 | Orc:2    | Bought a scroll of teleportation for 66 gold pieces
 17944 | Orc:2    | Bought a scroll of identify for 44 gold pieces
 18210 | Orc:2    | Reached skill level 15 in Unarmed Combat
 18294 | Orc:2    | Found Qicuuch's Jewellery Emporium.
 18318 | Orc:2    | Bought a ring of flight for 280 gold pieces
 18712 | Lair:5   | Identified the +3 short sword of Fuch {flame, Dex+2 Stlth+}
 19401 | Lair:5   | Reached XP level 15. HP: 152/154 MP: 21/21
 19597 | Lair:5   | Found a corrupted altar of Lugonu.
 19597 | Lair:5   | Found a one-way gate to the infinite horrors of the Abyss.
 19685 | Lair:5   | Identified the +6 chain mail of Vydiami {-Tele Fly Dex+5}
 19852 | Slime:1  | Entered Level 1 of the Pits of Slime
 19852 | Slime:1  | Noticed an acid blob
 19852 | Slime:1  | Noticed a rockslime
 20041 | Swamp:1  | Entered Level 1 of the Swamp
 20099 | Snake:1  | Entered Level 1 of the Snake Pit
 20331 | Snake:1  | Noticed Rupert
 21193 | D:12     | Found a runed translucent gate.
 21193 | D:12     | Found a runed translucent gate.
 21197 | D:12     | Found a runed translucent gate.
 21197 | D:12     | Noticed login18's ghost (journeyman HuBe)
 21252 | D:12     | Found a glowing silver altar of Zin.
 22008 | D:13     | Reached skill level 16 in Unarmed Combat
 22111 | D:13     | Found a gate to the Vaults.
 22975 | D:14     | Reached ***** piety under the Shining One
 23001 | D:14     | Identified the +0 tower shield of the Past {Will++ Int+3}
 23554 | D:15     | Entered Level 15 of the Dungeon
 23593 | D:15     | Found a transporter.
 23802 | D:15     | Reached skill level 15 in Shields
 23809 | D:15     | Reached XP level 16. HP: 165/165 MP: 23/23
 23810 | D:15     | Found a staircase to the Depths.
 24360 | D:15     | Reached skill level 17 in Unarmed Combat
 24762 | Depths:1 | Entered Level 1 of the Depths
 24762 | Depths:1 | Found a one-way gate leading to the halls of Pandemonium.
 24792 | Depths:1 | Noticed a tentacled monstrosity
 24810 | Depths:1 | Killed a tentacled monstrosity
 25172 | Depths:1 | Slain by a frost giant

Illustrated notes

Levels and vault maps discovered:
D:1:      noname_arrival_rooms_in_the_neighbourhood, layout_loops_ring,
          shapermc_ecumenical_altar_gd
D:2:      layout_rooms
D:3:      layout_rooms, hellmonk_sif_muna_bookshelves,
          yredelemnul_forgotten_temple_becter, tso_oasis_becter,
          grunt_temple_overflow_open, gammafunk_ghost_smash
D:4:      layout_basic, ashenzari_altar_1
D:5:      gammafunk_steamed_eel, layout_layer_cave, fiery_altar_vehumet,
          uniq_crazy_yiuf_cottage
D:6:      layout_basic, mainiacjoe_overflow_surrounded_room,
          minmay_temple_entry_proselytizer, gup_sewer_entry_spiral,
          kennysheep_generic_room_12
D:7:      layout_rooms, enter_bailey_5, grunt_decor_fettered,
          kennysheep_generic_room_15
D:8:      minmay_general_purpose_star, layout_cave_pools,
          nicolae_ru_great_annihilating_truth, lemuel_tele_altar,
          nicolae_underground_beach
D:9:      layout_cave_pools, orc_0_dummy, uniq_maggie
D:10:     minmay_octagon_keep, layout_rooms, lemuel_crystal_altar,
          hangedman_abyss_or_decor_passed
D:11:     layout_basic, grunt_lair_entry_orc_guard_hut, lightli_airlock
D:12:     layout_stronghold, ebering_ghost_rock_garden, zin_angel
D:13:     layout_irregular_city, grunt_vaults_entry_tiered, serial_glass,
          glass_columns_b, glass_columns_a, minmay_holes, st_stairs_14
D:14:     layout_cave_pods, minivault_23
D:15:     gammafunk_depths_entry_grave, layout_long_grid, minivault_14,
          nicolae_diode_basic
Lair:1:   layout_layer_cave, chequers_serial_rivers_marsh, grunt_megastairs_3
Lair:2:   minmay_guarded_unrand_snakebite, layout_loops_ring
Lair:3:   layout_layer_cave, skrybe_swamp_entry_bodies,
          minmay_snake_entry_guardpost_small, minivault_19
Lair:4:   layout_regular_city, nicolae_slime_entry_slimehenge, st_stairs_7,
          chequers_serial_rivers_small_3, beast_lair_carwin_5
Lair:5:   hellmonk_lair_end_abyssal_woods, layout_hall_layers,
          minmay_lair_drake_nest
Swamp:1:  layout_falls_marsh, nicolae_swamp_ascending_descending_big,
          swamp_pool_5, nicolae_swamp_some_circles, hangedman_swamp_lotus,
          infiniplex_staircase_pool_2
Snake:1:  layout_misc_corridors, nicolae_shop_overcharged_wands,
          minmay_shop_star, grunt_megastairs_5, uniq_rupert
Slime:1:  layout_caves
Orc:1:    layout_diamond_mine, biasface_ghost_orc_armoury, uniq_snorg,
          uniq_sonja
Orc:2:    grunt_orc_community_town_hall, layout_caves,
          grunt_orc_community_big_house_1, grunt_orc_community_big_house_2,
          grunt_orc_community_house_2, grunt_orc_community_house_3,
          grunt_orc_community_house_2, grunt_orc_community_house_1,
          grunt_orc_community_house_1, mines3_lemuel
Depths:1: layout_twisted_cross, pf_vacation_house_of_asmodeus, pan_entry,
          minivault_16, item_on_display_a, grunt_megastairs_1

Skill      XL: |  1  2  3  4  5  6  7  8  9 10 11 12 13 14 15 16 |
---------------+-------------------------------------------------+-----
Shields        | 3 4 9 10 12 13 15 | 15.3
Fighting       | 3 4 8 9 10 11 12 | 12.2
Unarmed Combat | 3 4 5 6 9 11 12 13 15 16 17 | 17.3
Dodging        | 3 4 5 6 7 8 |  8.3
Invocations    | 1 2 3 6 7 8 9 10 11 | 11.7
Evocations     | |  0.5

Action                     |  1- 3 |  4- 6 |  7- 9 | 10-12 | 13-15 | 16-18 || total
---------------------------+-------+-------+-------+-------+-------+-------++-------
  Melee: Unarmed           |   141 |   103 |   145 |   627 |  1181 |   171 ||  2368
 Invoke: Divine Shield     |       |       |       |     4 |    38 |     1 ||    43
         Cleansing Flame   |       |       |       |       |    10 |       ||    10
         Summon Divine War |       |       |       |       |     1 |     1 ||     2
  Evoke: Wand              |       |       |       |     8 |     3 |     6 ||    17
    Use: Scroll            |     1 |     6 |       |    12 |    16 |     1 ||    36
         Potion            |       |       |     3 |     8 |     3 |     1 ||    15
 Armour: Robe              |    52 |    50 |    61 |    81 |       |       ||   244
         Steam dragon scal |       |       |       |   369 |   481 |    65 ||   915
         Acid dragon scale |       |       |       |     2 |       |       ||     2
  Dodge: Dodged            |    41 |    55 |    63 |   240 |   238 |    20 ||   657
  Block: Kite shield       |    46 |    39 |    44 |   484 |   956 |   109 ||  1678
         Reflection        |       |       |       |       |    18 |       ||    18
